 Dungeon Crawl Stone Soup version 0.20-a0-3-g334f831 (webtiles) character file.

528112 mopl the Black Belt (level 24, -18/172 HPs)
             Began as a Spriggan Transmuter on Sept 5, 2016.
             Was the Champion of Cheibriados.
             Demolished by a tengu reaver
             ... wielding a +0 battleaxe
              (19 damage)
             ... on level 5 of the Vaults on Oct 30, 2016.
             The game lasted 04:17:52 (49312 turns).

mopl the Black Belt (Spriggan Transmuter)          Turns: 49312, Time: 04:17:55

Health: -18/172    AC: 19    Str: 24    XL:     24   Next: 33%
Magic:  31/44      EV: 28    Int: 35    God:    Cheibriados [******]
Gold:   652        SH:  8    Dex: 34    Spells: 15 memorised, 7 levels left

rFire  . . .     SeeInvis +       - Unarmed
rCold  . . .     Gourm    .     (armour currently unavailable)
rNeg   . . .     Faith    .     (shield currently unavailable)
rPois  +         Spirit   .     (helmet currently unavailable)
rElec  .         Reflect  +     (cloak currently unavailable)
rCorr  .         Harm     .     (gloves unavailable)
MR     ++++.                    (boots unavailable)
Stlth  +++++++...               q - brooch of Shielding {Reflect SH+8}
                                h - ring of Robustness {AC+8, =R}
                                e - +4 ring of evasion

@: hydra-form, repel missiles, very slow
A: unfitting armour, see invisible, herbivore 3, (speed 0), slow metabolism 2
a: End Transformation, Bend Time, Temporal Distortion, Slouch, Step From Time,
Renounce Religion
}: 3/15 runes: decaying, serpentine, slimy


You were on level 5 of the Vaults.
You worshipped Cheibriados.
Cheibriados was exalted by your worship.
You were full.
You were an 11-headed hydra.
You visited 10 branches of the dungeon, and saw 48 of its levels.
You visited the Abyss 1 time.
You visited 1 bazaar.
You also visited: Labyrinth, Trove, Sewer, Ossuary and Ice Cave.

You collected 5010 gold pieces.
You spent 4358 gold pieces at shops.

Inventory:

Missiles
 a - 1696 arrows
 f - 6 throwing nets
 o - 48 tomahawks (quivered)
Armour
 b - +4 fire dragon scales (melded)
 n - the +0 buckler "Ecar" (melded) {+Inv Str+3 Dex+3}
   (You found it in a treasure trove)

   It affects your strength (+3).
   It affects your dexterity (+3).
   It lets you turn invisible.
 s - the +1 cloak of Starlight (melded) {rElec rC+ EV+4 Stlth--}
   (You found it in a treasure trove)

   It affects your evasion (+4).
   It protects you from cold.
   It insulates you from electricity.
   It makes you much less stealthy.
 J - the +0 hat of Good Intentions (melded) {rPois Int+3}
   (You acquired it on level 3 of the Vaults)

   It affects your intelligence (+3).
   It protects you from poison.
Rods
 R - a +4 iron rod (13/13)
   (You found it on level 3 of the Depths)
Jewellery
 e - a +4 ring of evasion (left foreclaw)
 h - the ring of Robustness (right foreclaw) {AC+8, =R}
   (You found it on level 1 of the Snake Pit)

   [ring of protection]

   It affects your AC (+8).
 q - the brooch of Shielding (around neck) {Reflect SH+8}
   (You bought it in a shop on level 2 of the Orcish Mines)

   [amulet of reflection]

   It shields you and reflects attacks.
   It affects your SH (+8).
 u - an uncursed ring of flight
Wands
 i - a wand of acid (4/15)
 l - a wand of paralysis (16/24)
 y - a wand of iceblast (5/15)
 L - a wand of disintegration (5/24)
 Q - a wand of teleportation (5/9)
 W - a wand of heal wounds (7/9)
 Z - a wand of digging (16/24)
Scrolls
 g - 27 scrolls of remove curse
 m - 22 scrolls of teleportation
 x - 5 scrolls of blinking
 A - 10 scrolls of magic mapping
 D - 7 scrolls of fog
 N - 6 scrolls of identify
 O - 7 scrolls of vulnerability
 T - 2 scrolls of silence {!r}
 Y - 6 scrolls of fear
Potions
 d - 12 potions of agility
 k - 23 potions of curing
 r - 10 potions of flight
 t - 12 potions of lignification {!q}
 z - 5 potions of resistance
 B - 5 potions of heal wounds
 C - 5 potions of invisibility
 E - 2 potions of cancellation
 G - 5 potions of ambrosia
 M - 4 potions of might
Books
 j - a book of Transfigurations

   Spells                             Type                      Level
   a - Irradiate                      Conjuration/Transmutation    5
   b - Statue Form                    Transmutation/Earth          6
   c - Hydra Form                     Transmutation                6
   d - Dragon Form                    Transmutation                7
Miscellaneous
 c - a lamp of fire
 K - 2 sacks of spiders
 S - a phial of floods
 U - a disc of storms
 V - 2 boxes of beasts
 X - a phantom mirror
Comestibles
 v - 16 bread rations


   Skills:
 + Level 16.1 Fighting
 - Level 3.6 Throwing
 - Level 15.0 Dodging
 - Level 15.0 Stealth
 - Level 7.2 Shields
 * Level 19.4 Unarmed Combat
 + Level 16.6 Spellcasting
 - Level 5.0 Conjurations
 - Level 5.2 Charms
 - Level 3.0 Necromancy
 + Level 16.6 Transmutations
 - Level 2.0 Ice Magic
 - Level 10.2 Air Magic
 + Level 2.5 Earth Magic
 - Level 5.0 Poison Magic
 - Level 15.0 Invocations
 - Level 5.0 Evocations


You had 7 spell levels left.
You knew the following spells:

 Your Spells              Type           Power        Failure   Level  Hunger
a - Confusing Touch       Hex            ####..       1%          1    None
c - Blade Hands           Tmut           #######...   1%          5    None
d - Ice Form              Ice/Tmut       #######.     1%          4    None
e - Blink                 Tloc           N/A          1%          2    None
g - Ignite Poison         Fire/Tmut/Pois ######..     1%          3    None
h - Hydra Form            Tmut           #######...   1%          6    None
i - Repel Missiles        Chrm/Air       ######       1%          2    None
p - Passwall              Tmut/Erth      #######...   1%          2    None
r - Regeneration          Chrm/Necr      ######....   1%          3    None
t - Irradiate             Conj/Tmut      #######...   1%          5    None
w - Sticks to Snakes      Tmut           #######.     0%          2    None
x - Animate Skeleton      Necr           N/A          1%          1    None
y - Yara's Violent Unrav  Hex/Tmut       ######....   1%          5    None
C - Corpse Rot            Necr           N/A          1%          2    None
P - Poisonous Cloud       Conj/Pois/Air  ######....   14%         6    None


Dungeon Overview and Level Annotations

Branches:
Dungeon (15/15)            Temple (1/1) D:5            Lair (6/6) D:11
  Swamp (4/4) Lair:2        Snake (4/4) Lair:2        Slime (5/5) Lair:5
    Orc (2/2) D:11            Elf (3/3) Orc:2        Vaults (5/5) D:14
  Crypt (0/3) Vaults:2     Depths (3/5) D:15

Altars:
Cheibriados
Dithmenos
Gozag
Nemelex Xobeh
Sif Muna
Trog
Uskayaw
Vehumet
Xom
The Shining One
Jiyva

Shops:
D:4 (   D:7 (   D:8 !   D:11 !   D:15 [   Orc:2 (*[:   Elf:1 [   Elf:2 :
Vaults:2 :   Vaults:3 *(!??   Vaults:4 =   Depths:1 :   Depths:3 %=*

Portals:
Hell: Depths:1 Depths:2 Depths:3
Pandemonium: Depths:3

Annotations:
Elf:2 3 runed doors


Innate Abilities, Weirdness & Mutations

You are very small and have problems with some larger weapons.
You are too small for most types of armour.
You have supernaturally acute eyesight. (SInv)
You are a herbivore.
((You cover ground extremely quickly.))
You need consume almost no food.


Message History

A vault guard comes into view.
It is wielding a long sword of holy wrath.
You step out of the flow of time.
You return to the normal time flow.
You feel somewhat less full.
A deep elf death mage, 3 giants, a vault warden and a tengu reaver come into view.
The vault warden is wielding an antimagic war axe.
The deep elf death mage is wielding a long sword of holy wrath.
A fire giant is wielding a great sword of flaming.
The fire giant shouts!
You hear a shout!
The tengu reaver shouts!
The stone giant shouts!
The deep elf death mage shouts!
The ettin shouts in stereo!
The yaktaur captain shouts!
You hear a shout! x2
The deep elf death mage casts a spell at you.
The bolt of negative energy misses you.
The yaktaur captain shoots a bolt.
The bolt hits you!!
* * * LOW HITPOINT WARNING * * *
The stone giant throws a large rock.
The large rock misses you.
The vault warden unwields an uncursed antimagic war axe.
The vault warden wields an arbalest.
The vault warden shoots a bolt.
The bolt hits you.
* * * LOW HITPOINT WARNING * * *
The tengu reaver hits you with a battleaxe!!
You die...

.. #....# ... ...
#....#..p
....#....#.(#
....#(...#.(##..
....(.........
###c.......######
.......))........
......<<([C......
.(...<.[D(.(.(...
......<<[Q.e.....
###.(.CC...######
#.........(#
#...#....#.#.#
.()##....##.#.#
..# #.p..# #.##
#.Q(.# ## #....#


You could see a fire giant, a stone giant, 2 vault wardens, 2 tengu reavers, a
yaktaur captain, a deep elf death mage and an ettin.

Vanquished Creatures
  the Royal Jelly (Slime:5)
  The ghost of hairmachine the Slayer, a master HOAK of Lugonu (Slime:5)
  Frederick (Vaults:2)
  Boris (Depths:3)
  Bai Suzhen (Elf:3)
  Saint Roka (Snake:4)
  Vashnia (Snake:3)
  A golden dragon (Depths:2)
  5 caustic shrikes (Depths:2)
  Jory (Depths:3)
  A hellephant (Depths:1)
  Rupert (D:13)
  2 tentacled monstrosities (Depths:2)
  5 liches
  2 deep elf blademasters
  3 deep elf master archers (Elf:3)
  A titan (Vaults:5)
  15 acid blobs
  Asterion (Elf:2)
  Frances (Swamp:2)
  Kirke (D:14)
  A storm dragon (Vaults:4)
  3 sphinxes
  A storm dragon (shapeshifter) (Vaults:1)
  Donald (Swamp:3)
  5 tengu reavers
  20 azure jellies
  A shadow dragon (Depths:2)
  2 thorn hunters
  12 nagarajas
  4 fire giants
  4 deep elf sorcerers
  6 frost giants
  Louise (Snake:4)
  An iron dragon (Depths:2)
  11 vault wardens
  5 deep elf elementalists
  2 orc warlords
  Aizul (Swamp:2)
  17 ironheart preservers
  2 spriggan defenders (Depths:2)
  12 stone giants
  2 entropy weavers
  8 very ugly things
  The ghost of crawlian the Scorcher, a journeyman DEFE of Vehumet (Swamp:2)
  11 deep elf annihilators
  7 deep elf demonologists
  9 spark wasps
  2 vampire knights
  Azrael (Snake:1)
  16 ettins
  6 deep elf death magi
  A minotaur (Lab)
  7 death oozes (Slime:5)
  A crystal guardian (Vaults:4)
  3 fire dragons
  Josephine (D:13)
  8 yaktaur captains
  9 great orbs of eyes
  14 ogre magi
  8 deep elf high priests
  28 vault guards
  19 hydras
  5 rakshasas
  6 ice dragons
  A monstrous demonspawn (Depths:3)
  A hell beast (Depths:3)
  Erica (D:10)
  16 naga warriors
  3 spriggan air magi (Depths:2)
  2 death knights
  A catoblepas (Lair:5)
  14 centaur warriors
  A ghost crab (Swamp:4)
  10 anacondas
  6 alligators
  2 tengu warriors
  16 dancing weapons
  9 orc high priests
  4 deep troll shamans
  8 deep troll earth magi
  10 death yaks
  2 spriggan berserkers
  2 vampire magi (Depths:2)
  14 naga sharpshooters
  4 shock serpents
  A soul eater (Depths:3)
  18 deep elf knights
  A small abomination (Elf:3)
  A fire crab (Lair:6)
  17 spriggans
  Nergalle (Lair:3)
  8 skeletal warriors
  2 iron trolls (Depths:2)
  A golden dragon zombie (Depths:3)
  A fire crab (shapeshifter) (Vaults:3)
  3 salamander mystics (Snake:4)
  A shadow wraith (Vaults:4)
  20 deep trolls
  A spriggan druid (Swamp:4)
  5 naga ritualists
  4 glowing orange brains
  A flayed ghost (Vaults:1)
  14 swamp dragons
  A golden dragon skeleton (Depths:3)
  A swamp dragon (shapeshifter) (D:13)
  16 ironbrand convokers
  12 wizards
  6 hill giants
  A wolf spider zombie (D:13)
  A necromancer (Vaults:4)
  16 deep elf archers
  4 harpies (Vaults:2)
  4 phantasmal warriors
  3 lindwurms (Swamp:4)
  12 orc knights
  9 mana vipers
  3 removed MONS_GRIFFONs
  3 wolf spiders
  5 shambling mangroves
  65 deep elf magi
  A wolf spider (shapeshifter) (Vaults:4)
  A shining eye (Slime:5)
  36 ugly things
  2 salamanders (shapeshifter)
  6 orc sorcerers
  6 hornets
  An oklob plant (Swamp:1)
  11 cyclopes
  12 elephants
  4 manticores
  Joseph (D:7)
  9 salamanders
  A rust devil (Depths:3)
  17 naga magi
  2 ice statues (IceCv)
  14 vault sentinels
  An eye of devastation (shapeshifter) (Depths:2)
  34 black mambas
  4 guardian serpents (Snake:4)
  An eye of devastation (Slime:5)
  Maurice (D:10)
  A black mamba (shapeshifter) (Depths:1)
  A frost giant skeleton (Vaults:4)
  A torpor snail (Lair:4)
  A gargoyle (D:15)
  An orange demon (Depths:3)
  13 spiny frogs
  A yaktaur (shapeshifter) (Depths:2)
  A spiny frog (shapeshifter) (Depths:3)
  5 rime drakes
  6 freezing wraiths
  A human zombie (Vaults:4)
  3 kobold demonologists
  10 komodo dragons
  A komodo dragon (shapeshifter) (Vaults:4)
  46 yaktaurs
  10 ice devils (IceCv)
  7 polar bears
  8 trolls
  A wind drake (shapeshifter) (Vaults:4)
  A jumping spider (Vaults:1)
  A tyrant leech (Swamp:1)
  A tengu conjurer (D:15)
  26 two-headed ogres
  6 bog bodies
  A sphinx simulacrum (Depths:3)
  7 dream sheep
  A blink frog (shapeshifter) (Vaults:4)
  A hornet zombie (D:15)
  A polar bear (shapeshifter) (D:14)
  A stone giant simulacrum (Vaults:4)
  A removed MONS_BOULDER_BEETLE (Lair:5)
  64 slime creatures
  A meliai zombie (D:12)
  An ettin skeleton (Vaults:4)
  A spriggan (shapeshifter) (Depths:1)
  4 redbacks (Vaults:3)
  2 yaks (shapeshifter)
  5 water elementals
  A ynoxinul (Depths:3)
  8 air elementals
  10 wraiths
  39 yaks
  7 fire elementals
  3 wyverns
  4 shadows
  A basilisk (shapeshifter) (D:14)
  Eustachio (D:4)
  3 humans
  A human (shapeshifter) (Depths:1)
  8 basilisks
  3 hogs (D:7)
  2 hungry ghosts
  6 golden eyes (Slime:5)
  13 hippogriffs
  13 vampire mosquitoes
  13 insubstantial wisps
  60 nagas
  A redback simulacrum (D:14)
  4 mottled dragons
  16 swamp worms
  A soldier ant (D:15)
  7 wargs
  3 floating eyes
  15 water moccasins
  5 hell hounds
  12 porcupines
  A necrophage (D:11)
  A black bear (Lair:6)
  3 eyes of draining
  2 sky beasts (D:9)
  3 ice beasts
  61 ogres
  9 swamp drakes
  44 orc warriors
  6 phantoms
  5 boggarts
  An ogre (shapeshifter) (Vaults:4)
  11 removed MONS_WASPs
  14 crocodiles
  20 centaurs
  28 wolves
  A big kobold (D:12)
  An earth elemental (Elf:3)
  18 bullfrogs
  A deep troll simulacrum (Vaults:1)
  6 scorpions
  A killer bee (D:8)
  4 howler monkeys
  5 wights (D:9)
  An electric eel (Lair:1)
  2 bullfrog zombies
  9 crimson imps
  4 jellies
  2 quasits
  A bullfrog skeleton (D:8)
  9 centaur zombies
  10 hounds
  3 centaur skeletons
  20 orc priests
  5 iguanas
  3 iron imps (Depths:3)
  Ijyb (D:3)
  23 orc wizards
  A merfolk avatar (Sewer)
  2 sirens (Sewer)
  13 worker ants
  2 hound skeletons
  10 mummies (Ossuary)
  A worker ant zombie (D:11)
  6 gnolls
  27 adders
  69 river rats
  8 shadow imps
  10 white imps (IceCv)
  7 ufetubi
  2 oozes (D:3)
  An adder zombie (D:9)
  An adder skeleton (D:7)
  3 worms
  2 dart slugs (D:3)
  14 leopard geckos
  100 orcs
  9 giant cockroaches
  10 goblins
  11 hobgoblins
  13 jackals
  12 kobolds
  7 quokkas
  4 ball pythons (Sewer)
  5 bats
  10 frilled lizards
  2 gnoll skeletons (Ossuary)
  A jackal skeleton (D:8)
  A kobold skeleton (Ossuary)
  5 orc skeletons (Ossuary)
  A quokka skeleton (D:5)
  A quokka zombie (D:7)
  28 rats
  11 rat skeletons (Ossuary)
  A briar patch (Swamp:4)
  A crawling corpse (Elf:3)
  2 fungi
2143 creatures vanquished.

Vanquished Creatures (collateral kills)
  A reaper (IceCv)
  A deep elf annihilator (Elf:3)
  A hydra (Lair:6)
  A troll (D:14)
  A spriggan (Lair:6)
  4 wolves (Lair:6)
  2 bullfrogs
  2 mummies (Ossuary)
  An adder (D:8)
  An orc (D:11)
  A rat (D:4)
  2 fungi
18 creatures vanquished.

Vanquished Creatures (others)
  A deep elf master archer (Elf:3)
  A stone giant (Vaults:4)
  A yaktaur captain (Vaults:3)
  A centaur warrior (D:10)
  2 naga sharpshooters (Snake:3)
  A spriggan druid (Swamp:4)
  2 deep elf archers
  A glowing orange brain (Slime:5)
  A naga mage (Snake:1)
  A yaktaur (Vaults:1)
  2 boggarts (Depths:1)
  A jelly (D:14)
  An iguana (D:14)
  4 white imps (IceCv)
  2 ufetubi (IceCv)
  2 orcs (D:11)
  A bush (Lair:6)
  22 fungi
  12 plants
59 creatures vanquished.

Grand Total: 2220 creatures vanquished

Notes
Turn   | Place    | Note
-------+----------+-------------------------------------------
     0 | D:1      | mopl the Spriggan Transmuter began the quest for the Orb.
     0 | D:1      | Reached XP level 1. HP: 9/9 MP: 5/5
   223 | D:1      | Reached skill level 3 in Transmutations
   223 | D:1      | Reached XP level 2. HP: 11/14 MP: 4/6
   228 | D:1      | Learned a level 2 spell: Sticks to Snakes
   361 | D:1      | Reached skill level 3 in Unarmed Combat
   847 | D:2      | Reached XP level 3. HP: 17/17 MP: 6/8
   852 | D:2      | Learned a level 3 spell: Spider Form
  1297 | D:3      | Found a glowing drain.
  1320 | Sewer    | Entered a sewer
  1349 | Sewer    | Reached skill level 1 in Poison Magic
  1375 | Sewer    | Reached skill level 1 in Fighting
  1375 | Sewer    | Reached XP level 4. HP: 18/22 MP: 4/9
  1590 | Sewer    | Reached XP level 5. HP: 25/25 MP: 10/10
  1613 | Sewer    | Reached skill level 3 in Spellcasting
  1647 | Sewer    | Reached skill level 4 in Transmutations
  1784 | Sewer    | Reached skill level 4 in Unarmed Combat
  1919 | D:3      | Reached skill level 4 in Dodging
  2055 | D:3      | Found a glowing golden altar of the Shining One.
  2466 | D:3      | Noticed Ijyb
  2506 | D:3      | Reached XP level 6. HP: 26/30 MP: 1/12
  2509 | D:3      | Killed Ijyb
  2747 | D:4      | Found Akaody's Weapon Emporium.
  2763 | D:4      | Found a sand-covered staircase.
  2863 | Ossuary  | Entered an ossuary
  3132 | Ossuary  | Learned a level 4 spell: Ice Form
  3365 | Ossuary  | Reached skill level 4 in Spellcasting
  3876 | D:4      | Noticed Eustachio
  3888 | D:4      | Killed Eustachio
  3888 | D:4      | Reached skill level 5 in Dodging
  3888 | D:4      | Reached skill level 5 in Transmutations
  3888 | D:4      | Reached XP level 7. HP: 34/34 MP: 11/14
  3955 | D:4      | Reached skill level 2 in Fighting
  3955 | D:4      | Reached skill level 5 in Unarmed Combat
  4675 | D:5      | Entered Level 5 of the Dungeon
  4802 | D:5      | Reached XP level 8. HP: 36/39 MP: 12/16
  4812 | D:5      | Reached skill level 6 in Dodging
  4831 | D:5      | Reached skill level 5 in Spellcasting
  4831 | D:5      | Reached skill level 6 in Transmutations
  4863 | D:5      | Found a staircase to the Ecumenical Temple.
  4889 | Temple   | Entered the Ecumenical Temple
  4902 | Temple   | Became a worshipper of Cheibriados the Contemplative
  5076 | D:5      | Found a sparkling altar of Nemelex Xobeh.
  5076 | D:5      | Found a shadowy altar of Dithmenos.
  5449 | D:5      | Reached skill level 1 in Ice Magic
  5524 | D:6      | Reached skill level 6 in Unarmed Combat
  5580 | D:6      | Reached skill level 3 in Fighting
  5726 | D:6      | Reached skill level 7 in Dodging
  5727 | D:6      | Reached * piety under Cheibriados
  5914 | D:5      | HP: 1/40 [orc warrior/halberd (8)]
  6214 | D:6      | Reached XP level 9. HP: 38/44 MP: 15/18
  6267 | D:6      | Reached skill level 7 in Transmutations
  6486 | D:6      | Found a radiant altar of Vehumet.
  6486 | D:6      | Found a hide-covered altar of Uskayaw.
  6644 | D:7      | Reached skill level 2 in Ice Magic
  6673 | D:7      | Learned a level 5 spell: Blade Hands
  6768 | D:7      | Found Ycoduch's Antique Weapon Boutique.
  6851 | D:7      | Reached skill level 6 in Spellcasting
  6951 | D:7      | Reached ** piety under Cheibriados
  7090 | D:7      | Noticed Joseph
  7113 | D:7      | Killed Joseph
  7113 | D:7      | Reached skill level 4 in Fighting
  7113 | D:7      | Reached skill level 8 in Dodging
  7113 | D:7      | Reached skill level 7 in Unarmed Combat
  7196 | D:7      | Reached skill level 8 in Transmutations
  7639 | D:8      | Reached XP level 10. HP: 51/51 MP: 16/21
  7758 | D:8      | Found Adoidun's Distillery.
  7765 | D:8      | Bought a potion of might for 64 gold pieces
  7765 | D:8      | Bought a potion of lignification for 48 gold pieces
  7765 | D:8      | Bought a potion of agility for 64 gold pieces
  7765 | D:8      | Bought a potion of curing for 48 gold pieces
  7914 | D:8      | Reached skill level 7 in Spellcasting
  7960 | D:8      | Reached *** piety under Cheibriados
  8539 | D:9      | Reached skill level 9 in Dodging
  8585 | D:9      | Reached skill level 8 in Unarmed Combat
  8644 | D:9      | Reached skill level 5 in Fighting
  8730 | D:9      | Learned a level 3 spell: Regeneration
  8732 | D:9      | Learned a level 1 spell: Animate Skeleton
  8739 | D:9      | Reached **** piety under Cheibriados
  8830 | D:9      | Reached skill level 9 in Transmutations
  8994 | D:9      | Learned a level 3 spell: Mephitic Cloud
  9157 | D:9      | Reached ***** piety under Cheibriados
  9157 | D:9      | Reached skill level 1 in Air Magic
  9193 | D:9      | Reached skill level 1 in Invocations
  9407 | D:10     | Entered Level 10 of the Dungeon
  9451 | D:10     | Noticed Erica
  9461 | D:10     | Killed Erica
  9461 | D:10     | Reached skill level 10 in Dodging
  9461 | D:10     | Reached skill level 2 in Air Magic
  9465 | D:10     | Reached XP level 11. HP: 56/56 MP: 23/23
  9482 | D:10     | Noticed Maurice
  9518 | D:10     | Killed Maurice
  9518 | D:10     | Reached skill level 1 in Stealth
  9518 | D:10     | Reached skill level 2 in Invocations
  9617 | D:10     | Reached skill level 2 in Stealth
  9685 | D:10     | Reached skill level 9 in Unarmed Combat
  9743 | D:10     | Noticed a hill giant
  9753 | D:10     | Killed a hill giant
  9753 | D:10     | Reached skill level 3 in Stealth
  9753 | D:10     | Reached skill level 3 in Air Magic
  9859 | D:10     | Reached skill level 6 in Fighting
  9859 | D:10     | Reached skill level 3 in Invocations
 10216 | D:11     | Found a staircase to the Lair.
 10217 | D:11     | Noticed a purple ugly thing
 10246 | D:11     | Found an opulent altar of Gozag.
 10260 | D:11     | HP: 1/56 [hell hound/blast of flame (14)]
 10262 | D:11     | Reached skill level 4 in Stealth
 10646 | D:11     | Found a staircase to the Orcish Mines.
 10760 | D:11     | Killed a red ugly thing
 10785 | D:11     | Noticed a hill giant
 10795 | D:11     | Killed a hill giant
 10795 | D:11     | Reached skill level 5 in Stealth
 10797 | D:11     | Found Qongi's Distillery.
 10803 | D:11     | Reached ****** piety under Cheibriados
 10807 | D:11     | Noticed a green ugly thing
 10807 | D:11     | Bought a potion of heal wounds for 70 gold pieces
 10807 | D:11     | Bought a potion of curing for 42 gold pieces
 10807 | D:11     | Bought a potion of curing for 42 gold pieces
 10807 | D:11     | Bought a potion of berserk rage for 70 gold pieces
 10807 | D:11     | Bought 2 potions of agility for 112 gold pieces
 10830 | D:11     | Killed a green ugly thing
 10843 | D:11     | Reached skill level 4 in Invocations
 10847 | D:11     | Reached skill level 4 in Air Magic
 11092 | D:11     | Identified a +0 rod of ignition (12/12) (You found it on level 11 of the Dungeon)
 11199 | D:11     | Reached skill level 1 in Evocations
 11271 | D:11     | Reached skill level 10 in Unarmed Combat
 11443 | Lair:1   | Entered Level 1 of the Lair of Beasts
 11490 | Orc:1    | Entered Level 1 of the Orcish Mines
 11671 | Orc:1    | Reached XP level 12. HP: 52/62 MP: 24/24
 11903 | Orc:2    | Entered Level 2 of the Orcish Mines
 11905 | Orc:2    | Noticed an orc warlord
 11934 | Orc:1    | Reached skill level 2 in Evocations
 11938 | Orc:2    | Noticed an orc high priest
 12080 | Orc:2    | Noticed an orc high priest
 12092 | Orc:1    | Killed an orc high priest
 12376 | Lair:1   | Reached skill level 5 in Invocations
 12487 | Lair:1   | Reached skill level 3 in Evocations
 12528 | Lair:1   | Reached skill level 7 in Fighting
 12753 | Lair:1   | Reached skill level 5 in Air Magic
 13103 | Lair:2   | Found a staircase to the Swamp.
 13221 | Lair:2   | Found a frozen archway.
 13258 | IceCv    | Entered an ice cave
 13535 | IceCv    | Reached skill level 6 in Invocations
 14011 | IceCv    | Reached skill level 11 in Unarmed Combat
 14080 | IceCv    | Noticed a reaper
 14268 | IceCv    | Killed a reaper
 14337 | IceCv    | Identified Emukhliv's Catalogue of Mutagenic Stones
 14345 | IceCv    | Got a crude demon trident
 14403 | IceCv    | Identified the +8 demon trident of the Wilderness {pain, MR+} (You found it in an ice cave)
 14454 | Lair:2   | Reached skill level 7 in Invocations
 14653 | Lair:2   | Found a staircase to the Snake Pit.
 14676 | Lair:2   | Noticed a four-headed hydra
 15173 | Lair:3   | Reached XP level 13. HP: 68/68 MP: 20/25
 15185 | Lair:3   | Noticed Nergalle
 15190 | Lair:3   | Killed Nergalle
 16016 | Lair:4   | Reached skill level 8 in Invocations
 16159 | Lair:4   | Reached skill level 8 in Fighting
 16686 | Lair:4   | Reached skill level 12 in Unarmed Combat
 16686 | Lair:4   | Reached skill level 9 in Invocations
 17466 | Lair:5   | Reached skill level 10 in Invocations
 17638 | Lair:5   | Found a staircase to the Slime Pits.
 17708 | Lair:6   | Entered Level 6 of the Lair of Beasts
 17723 | Lair:6   | Reached XP level 14. HP: 57/74 MP: 16/26
 17791 | Lair:6   | Reached skill level 9 in Fighting
 18339 | Lair:6   | Reached skill level 11 in Invocations
 18360 | Lair:6   | Reached skill level 13 in Unarmed Combat
 19399 | Orc:2    | Found Liejukhlai's Antique Weapon Boutique.
 19628 | Orc:2    | Killed an orc warlord
 19665 | Orc:2    | Noticed an orc warlord
 19679 | Orc:1    | Killed an orc warlord
 19679 | Orc:1    | Reached skill level 12 in Invocations
 19856 | Orc:2    | Found Nymaepru's General Store.
 20073 | Orc:2    | Bought a scroll of enchant armour for 97 gold pieces
 20073 | Orc:2    | Bought a scroll of fog for 26 gold pieces
 20073 | Orc:2    | Bought a scroll of fear for 45 gold pieces
 20073 | Orc:2    | Bought the brooch of Shielding {Reflect SH+8} for 416 gold pieces
 20130 | Orc:2    | Found Apuen's Book Shop.
 20147 | Orc:2    | Found a staircase to the Elven Halls.
 20299 | Orc:2    | Reached skill level 1 in Throwing
 20299 | Orc:2    | Reached XP level 15. HP: 80/80 MP: 22/27
 20450 | Orc:2    | Found Ikhiurack's Antique Armour Shop.
 20715 | D:12     | Learned a level 2 spell: Corpse Rot
 21204 | D:12     | Reached skill level 1 in Shields
 21699 | D:13     | Reached skill level 2 in Throwing
 21762 | D:13     | Noticed Rupert
 21773 | D:13     | Killed Rupert
 21773 | D:13     | Reached skill level 10 in Fighting
 21789 | D:13     | Noticed Josephine
 21803 | D:13     | Killed Josephine
 21805 | D:13     | Reached skill level 14 in Unarmed Combat
 22260 | D:13     | Upgraded the game from 0.19-a0-1442-g3b32ff5 to 0.19-a0-1457-g32fba05
 22260 | D:13     | Upgraded the game from 0.19-a0-1457-g32fba05 to 0.19-a0-1468-ge013c26
 22384 | D:14     | Reached skill level 1 in Charms
 22405 | D:14     | Reached skill level 3 in Throwing
 22652 | D:14     | Reached skill level 2 in Charms
 22679 | D:14     | Found a gate to the Vaults.
 22705 | D:14     | Noticed Kirke
 22717 | D:14     | Killed Kirke
 22717 | D:14     | Reached skill level 1 in Necromancy
 22728 | D:14     | Reached skill level 13 in Invocations
 22942 | D:14     | Found a glowing golden altar of the Shining One.
 23233 | D:15     | Entered Level 15 of the Dungeon
 23236 | D:15     | Found Resiffai's Armour Shop.
 23240 | D:15     | Bought a +0 cloak of poison resistance for 110 gold pieces
 23338 | D:15     | Found a labyrinth entrance.
 23345 | Lab      | Entered a labyrinth
 23677 | D:15     | Reached skill level 3 in Charms
 24110 | D:15     | Found a staircase to the Depths.
 24117 | D:15     | Reached skill level 4 in Charms
 24120 | D:15     | Reached skill level 2 in Necromancy
 24538 | Swamp:1  | Entered Level 1 of the Swamp
 25134 | Swamp:1  | Reached XP level 16. HP: 53/86 MP: 23/28
 25162 | Swamp:1  | Reached skill level 3 in Necromancy
 25333 | Swamp:1  | Reached skill level 4 in Evocations
 25416 | Swamp:2  | Noticed crawlian's ghost (journeyman DEFE)
 25459 | Swamp:2  | Killed crawlian's ghost
 25610 | Swamp:2  | Noticed Aizul
 25644 | Swamp:2  | Killed Aizul
 25738 | Swamp:2  | Noticed Frances
 25798 | Swamp:2  | Killed Frances
 25798 | Swamp:2  | Reached skill level 10 in Transmutations
 25811 | Swamp:2  | Noticed a thorn hunter
 25820 | Swamp:2  | Killed a thorn hunter
 25965 | Swamp:2  | Reached skill level 5 in Evocations
 25973 | Swamp:2  | Reached skill level 5 in Charms
 26289 | Swamp:3  | Noticed Donald
 26304 | Swamp:3  | Killed Donald
 26542 | Swamp:3  | Got an ancient lead ring
 26544 | Swamp:3  | Identified the ring "Inucwann" {MR- Int+5 Dex+4} (You found it on level 3 of the Swamp)
 27053 | Swamp:3  | Learned a level 5 spell: Irradiate
 27093 | Swamp:4  | Entered Level 4 of the Swamp
 27161 | Swamp:3  | Reached skill level 14 in Invocations
 27240 | Swamp:4  | Noticed a thorn hunter
 27248 | Swamp:4  | Killed a thorn hunter
 27266 | Swamp:4  | Reached skill level 1 in Conjurations
 27375 | Swamp:4  | Reached skill level 8 in Spellcasting
 27510 | Swamp:4  | Noticed a thorn hunter
 27514 | Swamp:4  | Got a decaying rune of Zot
 27540 | Swamp:4  | Reached skill level 2 in Shields
 27565 | Swamp:4  | Reached skill level 11 in Transmutations
 27918 | Snake:1  | Entered Level 1 of the Snake Pit
 27950 | Snake:1  | Reached skill level 11 in Dodging
 28057 | Snake:1  | Reached XP level 17. HP: 91/91 MP: 30/30
 28099 | Snake:1  | Reached skill level 15 in Unarmed Combat
 28161 | Snake:1  | Reached skill level 2 in Conjurations
 28296 | Snake:1  | Noticed Azrael
 28315 | Snake:1  | Killed Azrael
 28552 | Snake:2  | Reached skill level 11 in Fighting
 29089 | Snake:2  | Reached skill level 9 in Spellcasting
 29406 | Snake:3  | Reached skill level 3 in Shields
 29636 | Snake:3  | Reached skill level 12 in Dodging
 29907 | Snake:3  | Reached skill level 3 in Conjurations
 29995 | Snake:3  | Reached skill level 12 in Transmutations
 30083 | Snake:3  | Noticed Vashnia
 30201 | Snake:3  | Killed Vashnia
 30412 | Snake:4  | Entered Level 4 of the Snake Pit
 30770 | Snake:4  | Noticed Louise
 30786 | Snake:4  | Killed Louise
 30875 | Snake:4  | Reached skill level 4 in Shields
 30878 | Snake:4  | Reached skill level 10 in Spellcasting
 30953 | Snake:4  | Learned a level 6 spell: Hydra Form
 31023 | Snake:4  | Reached skill level 4 in Conjurations
 31225 | Snake:4  | Noticed Saint Roka
 31243 | Snake:4  | Killed Saint Roka
 31243 | Snake:4  | Reached skill level 13 in Dodging
 31378 | Snake:4  | Reached XP level 18. HP: 81/96 MP: 8/33
 31894 | Snake:3  | Reached skill level 13 in Transmutations
 32261 | Snake:4  | Reached skill level 6 in Air Magic
 32337 | Snake:4  | Reached skill level 5 in Shields
 32374 | Snake:4  | Got a serpentine rune of Zot
 32532 | Snake:1  | Reached skill level 5 in Conjurations
 32603 | D:11     | Reached skill level 14 in Dodging
 32627 | Lair:1   | Learned a level 3 spell: Ignite Poison
 32699 | Elf:1    | Entered Level 1 of the Elven Halls
 32723 | Orc:2    | Reached skill level 11 in Spellcasting
 32979 | Elf:1    | Reached skill level 12 in Fighting
 33018 | Elf:1    | Found a radiant altar of Vehumet.
 33466 | Elf:1    | Found Edesitz's Antique Armour Emporium.
 33544 | Elf:1    | Bought a fine cloak for 209 gold pieces
 33554 | Elf:1    | Identified the +2 cloak of the Flute {MR+ Str+2} (You bought it in a shop on level 1 of the Elven Halls)
 33626 | Elf:1    | Reached skill level 7 in Air Magic
 33959 | Elf:2    | Reached XP level 19. HP: 102/102 MP: 35/35
 34003 | Elf:2    | Found Otach's Book Shop.
 34069 | Elf:2    | Reached skill level 15 in Dodging
 34136 | Elf:2    | Found a runed gate.
 34136 | Elf:2    | Found a runed gate.
 34144 | Elf:2    | Reached skill level 12 in Spellcasting
 34153 | Elf:2    | Found a runed gate.
 34203 | Elf:2    | Noticed Asterion
 34225 | Elf:2    | Killed Asterion
 34298 | Elf:2    | Upgraded the game from 0.19-a0-1468-ge013c26 to 0.19-a0-1490-g5dd3618
 34330 | Elf:3    | Entered Level 3 of the Elven Halls
 34330 | Elf:3    | Found a deep blue altar of Sif Muna.
 34600 | Elf:2    | Reached skill level 6 in Stealth
 34789 | Elf:3    | Reached skill level 7 in Stealth
 34789 | Elf:3    | Reached skill level 8 in Air Magic
 35068 | Elf:3    | Reached skill level 8 in Stealth
 35273 | Elf:3    | Noticed Bai Suzhen
 35297 | Elf:3    | Killed Bai Suzhen
 35297 | Elf:3    | Reached skill level 13 in Spellcasting
 35350 | Elf:3    | Learned a level 6 spell: Poisonous Cloud
 35450 | Elf:3    | Reached skill level 13 in Fighting
 35507 | Elf:3    | Reached skill level 9 in Stealth
 35746 | Elf:3    | Reached skill level 2 in Poison Magic
 35952 | Elf:3    | Noticed a Brimstone Fiend
 36046 | Elf:3    | Identified The Arcane Arts, Part Five
 36100 | Elf:3    | Reached skill level 3 in Poison Magic
 36103 | Elf:3    | Reached skill level 9 in Air Magic
 36186 | Elf:3    | Reached skill level 10 in Stealth
 36274 | Elf:3    | Got a faintly glowing arbalest
 36280 | Elf:3    | Identified the +6 arbalest of Icryvom {freeze, rPois} (You found it on level 3 of the Elven Halls)
 37012 | Vaults:1 | Entered Level 1 of the Vaults
 37132 | Vaults:1 | Reached XP level 20. HP: 109/109 MP: 32/38
 37140 | Vaults:1 | Reached skill level 4 in Poison Magic
 37774 | Vaults:1 | Reached skill level 14 in Spellcasting
 37774 | Vaults:1 | Reached skill level 5 in Poison Magic
 38558 | Vaults:2 | Noticed Frederick
 38581 | Vaults:2 | Killed Frederick
 38581 | Vaults:2 | Reached skill level 10 in Air Magic
 38613 | Vaults:2 | Found a staircase to the Crypt.
 38622 | Vaults:2 | Found Lainumm's Book Shoppe.
 38632 | Vaults:2 | Bought a book of Minor Magic for 280 gold pieces
 38636 | Vaults:2 | Learned a level 2 spell: Blink
 38639 | Vaults:2 | Learned a level 2 spell: Repel Missiles
 38642 | Vaults:2 | Bought a book of Misfortune for 280 gold pieces
 38769 | Vaults:2 | Upgraded the game from 0.19-a0-1490-g5dd3618 to 0.19-a0-1932-g59670f6
 39507 | Vaults:3 | Learned a level 1 spell: Confusing Touch
 39544 | Vaults:3 | Reached skill level 6 in Shields
 39596 | Vaults:3 | Learned a level 5 spell: Yara's Violent Unravelling
 39636 | Vaults:3 | Found Yxoax's Magic Scroll Shop.
 39643 | Vaults:3 | Bought a scroll of identify for 30 gold pieces
 39643 | Vaults:3 | Bought a scroll of acquirement for 780 gold pieces
 39654 | Vaults:3 | Got a twisted hat
 39660 | Vaults:3 | Identified the +0 hat of Good Intentions {rPois Int+3} (You acquired it on level 3 of the Vaults)
 39876 | Vaults:3 | Reached XP level 21. HP: 114/114 MP: 35/40
 40145 | Vaults:3 | Reached skill level 16 in Unarmed Combat
 40186 | Vaults:3 | Reached skill level 15 in Spellcasting
 40219 | Vaults:3 | Reached skill level 14 in Fighting
 40418 | Vaults:3 | Found Zaemotal's Assorted Antiques.
 40419 | Vaults:3 | Found Reigairo's Distillery.
 40464 | Vaults:3 | Found Vyuh's Magic Scroll Boutique.
 40481 | Vaults:3 | Found Tyoskeh's Antique Weapon Boutique.
 40510 | Vaults:3 | Identified the ring of Lady Luck {Fire rElec} (You took it off an ironheart preserver on level 3 of the Vaults)
 41108 | Vaults:4 | Reached skill level 7 in Shields
 41407 | Vaults:4 | Found Caxizao's Jewellery Shop.
 42058 | Vaults:4 | Reached skill level 11 in Stealth
 42425 | Lair:1   | Learned a level 2 spell: Passwall
 42552 | Depths:1 | Entered Level 1 of the Depths
 42622 | Depths:1 | Reached skill level 17 in Unarmed Combat
 42623 | Depths:1 | Found a flickering gateway to a bazaar.
 42649 | Bazaar   | Entered a bazaar
 42655 | Bazaar   | Found Moacups's Jewellery Emporium.
 42655 | Bazaar   | Found Jirusi's Book Shoppe.
 42671 | Bazaar   | Bought a book of Transfigurations for 990 gold pieces
 42675 | Bazaar   | Bought a cursed ring of loudness for 81 gold pieces
 42859 | Depths:1 | Reached XP level 22. HP: 121/121 MP: 42/42
 43188 | Depths:1 | Found Etti's One-of-a-Kind Books.
 43400 | Depths:1 | Reached skill level 15 in Invocations
 43536 | Depths:1 | Found a gateway to Hell.
 43553 | Depths:1 | Reached skill level 12 in Stealth
 44253 | Depths:2 | Reached skill level 15 in Fighting
 44271 | Depths:2 | Reached skill level 13 in Stealth
 44376 | Depths:2 | Upgraded the game from 0.19-a0-1932-g59670f6 to 0.20-a0-2-g2b0e13a
 44456 | Depths:2 | Noticed a golden dragon
 44464 | Depths:2 | Killed a golden dragon
 44493 | Depths:2 | Reached skill level 14 in Transmutations
 44647 | Depths:2 | Noticed a caustic shrike
 44650 | Depths:2 | Noticed a caustic shrike
 44650 | Depths:2 | Noticed a caustic shrike
 44653 | Depths:2 | Noticed a caustic shrike
 44659 | Depths:2 | Killed a caustic shrike
 44663 | Depths:2 | Killed a caustic shrike
 44663 | Depths:2 | Reached skill level 14 in Stealth
 44663 | Depths:2 | Reached skill level 18 in Unarmed Combat
 44665 | Depths:2 | Killed a caustic shrike
 44666 | Depths:2 | Killed a caustic shrike
 44669 | Depths:2 | Noticed a caustic shrike
 44673 | Depths:2 | Killed a caustic shrike
 44673 | Depths:2 | Reached XP level 23. HP: 126/126 MP: 43/43
 44865 | Depths:3 | Found a one-way gate leading to the halls of Pandemonium.
 44942 | Depths:3 | Found Uvup's Assorted Antiques.
 44947 | Depths:3 | Found Qitwel's Jewellery Emporium.
 44947 | Depths:3 | Found Weloen's Food Shoppe.
 44953 | Depths:3 | Bought a scroll of blinking for 262 gold pieces
 44953 | Depths:3 | Bought a scroll of magic mapping for 122 gold pieces
 44953 | Depths:3 | Bought a scroll of identify for 70 gold pieces
 45012 | Depths:3 | Found a portal to a secret trove of treasure.
 45035 | Depths:3 | Noticed Jory
 45043 | Depths:3 | Killed Jory
 45137 | Depths:3 | Noticed Boris
 45143 | Depths:3 | Killed Boris
 45229 | Depths:3 | Reached skill level 15 in Stealth
 45229 | Depths:3 | Reached skill level 15 in Transmutations
 45296 | Depths:3 | Identified the +2 cloak of the Thirteen Ghosts {rF- rC+ Int+4}
 46260 | D:10     | Reached skill level 16 in Spellcasting
 46849 | Lair:3   | You fall through a shaft!
 47126 | Depths:3 | You paid a toll of 7 potions of haste to enter a treasure trove
 47127 | Trove    | Entered a treasure trove
 47138 | Trove    | Got a jewelled hat
 47140 | Trove    | Identified the +1 hat of Beogh's Castigation {SInv} (You found it in a treasure trove)
 47196 | Trove    | Identified the +1 buckler of Foolhardiness {rCorr} (You found it in a treasure trove)
 47240 | Trove    | Got a transparent cloak
 47242 | Trove    | Identified the +0 cloak of Vuahat {Stlth+} (You found it in a treasure trove)
 47246 | Trove    | Identified the +2 cloak of Meuh Xiex {rPois SInv} (You found it in a treasure trove)
 47248 | Trove    | Identified the +0 buckler "Weec" {rCorr} (You found it in a treasure trove)
 47250 | Trove    | Identified the +0 buckler "Ecar" {+Inv Str+3 Dex+3} (You found it in a treasure trove)
 47706 | Slime:1  | Entered Level 1 of the Pits of Slime
 47870 | Slime:5  | Entered Level 5 of the Pits of Slime
 47873 | Slime:5  | Paralysed by a floating eye for 4 turns
 47882 | Slime:5  | Noticed hairmachine's ghost (master HOAK)
 47924 | Slime:5  | Found a viscous altar of Jiyva.
 47925 | Slime:5  | Noticed the Royal Jelly
 47988 | Slime:5  | Cast into level 4 of the Abyss (hairmachine's ghost)
 47996 | Slime:5  | Escaped the Abyss
 48003 | Slime:5  | Killed hairmachine's ghost
 48009 | Slime:5  | Paralysed by a floating eye for 2 turns
 48151 | Slime:5  | Killed the Royal Jelly
 48151 | Slime:5  | Reached skill level 16 in Transmutations
 48161 | Slime:5  | Reached skill level 19 in Unarmed Combat
 48289 | Slime:5  | Reached skill level 16 in Fighting
 48368 | Slime:5  | Paralysed by a floating eye for 3 turns
 48371 | Slime:5  | Reached XP level 24. HP: 133/133 MP: 41/44
 48490 | Slime:5  | Identified the cursed +0 scimitar of Gigoxemu {drain, Fragile rN+ Dex+3} (You found it on level 5 of the Pits of Slime)
 48542 | Slime:5  | Upgraded the game from 0.20-a0-2-g2b0e13a to 0.20-a0-3-g334f831
 48562 | Slime:5  | Got a slimy rune of Zot
 48568 | Slime:5  | Identified the Catalogue of Battle Magic and the Mountains
 48877 | D:12     | Reached skill level 1 in Earth Magic
 49068 | Vaults:5 | Entered Level 5 of the Vaults
 49091 | Vaults:4 | Reached skill level 2 in Earth Magic
 49312 | Vaults:5 | HP: 6/172 [yaktaur captain/bolt (41)]
 49312 | Vaults:5 | HP: 1/172 [vault warden/bolt (5)]
 49312 | Vaults:5 | Demolished by a tengu reaver

Vault maps used:
D:1:      dpeg_arrival_lava_temple_mockup, minmay_pentomino_r2
D:2:      corexii_leaking_fountain
D:3:      kennysheep_goblin_castle, marbit_many_paths, gup_sewer_entry_bowl,
          st_stairs_6
D:4:      enter_ossuary_3, serial_shops, shop, uniq_eustachio
D:5:      gammafunk_temple_overflow_wave, first_bread
D:6:      gammafunk_temple_overflow_elements, kennysheep_small_square
D:7:      serial_shops, kennysheep_little_box, grunt_livestock,
          minmay_misc_feat_tower, minmay_misc_feat_diagonals, minmay_checkerbox,
          uniq_joseph
D:8:      serial_shops, shop, minmay_bent
D:10:     wad_pebble_path, uniq_maurice, uniq_erica
D:11:     minmay_lair_entry_lava, erik_orc_4, serial_shops, shop,
          hangedman_abyss_or_decor_jellyfish_corner, grunt_ministairs_12,
          st_stairs_5, lemuel_statue_altar
D:13:     minmay_liquid_box, uniq_josephine, uniq_rupert
D:14:     david_vaults_1, nicolae_tso_carved_into_rock, serial_bayou_crossing,
          uniq_kirke
D:15:     grunt_enter_depths_snipers, serial_shops, shop, lab_entry_generic
Temple:   compressed_dpeg_circular_temple
Lair:1:   minmay_lair_venomous_thicket, wad_woods_river_03,
          beast_lair_carwin_11, grunt_megastairs_1, serial_bayou_shore_a
Lair:2:   swamp_mist, minmay_snake_entry_guardpost_medium,
          portal_ice_cave_entry_pillars_2, beast_lair_carwin_3
Lair:3:   kennysheep_basilisk_garden, uniq_nergalle
Lair:4:   beast_lair_carwin_large_2
Lair:5:   dpeg_slime_entry_corner, minmay_lair_drake_nest, serial_bayou_shore_b,
          grunt_megastairs_4
Lair:6:   minmay_lair_end_enchanted_forest
Swamp:1:  serial_swamp_ruin, evilmike_swamp_ruin_house_1,
          evilmike_swamp_ruin_house_6, swamp_pool2,
          nicolae_swamp_oklob_treasure_island
Swamp:2:  evilmike_swamp_ruin_house_4, uniq_frances, uniq_aizul
Swamp:3:  evilmike_swamp_ruin_wall, swamp_pool1, uniq_donald
Swamp:4:  swamp_alternative
Snake:1:  uniq_azrael
Snake:2:  st_stairs_8
Snake:3:  grunt_megastairs_2, uniq_vashnia
Snake:4:  johnstein_snake_rune_scales, serial_bayou_pond_a, uniq_louise,
          uniq_saint_roka
Slime:3:  cheibrodos_slime_lost_civilization_7
Orc:2:    grunt_orc_gardens, grunt_orc_garden, grunt_orc_garden,
          grunt_orc_garden, grunt_orc_garden
Elf:1:    minmay_elf_arrival_plus, serial_shops, shop_statue,
          hangedman_elf_disciples, david_defended_altar_elf
Elf:2:    serial_shops, nicolae_shop_behind_doors,
          serial_sigils_hangedman_clutch, grunt_ministairs_14, uniq_asterion
Elf:3:    minmay_elf_hall_circle, basic_altar, uniq_bai_suzhen
Vaults:1: v_pattern_5, vaults_dpeg_spiral, vaults_standard_mumra_lines,
          nicolae_vaults_alarming, v_misc_30, vaults_dpeg_cross,
          vaults_room_large_hall, vaults_dpeg_hooks, grunt_vaults_bifocal,
          vaults_room_semicircle, grunt_vaults_hallway_long, vaults_mumra_lcd,
          nicolae_vaults_big_ls
Vaults:2: nicolae_vaults_display_case, ontoclasm_vaults_decontamination,
          nicolae_vaults_network_star, dummy_crypt_entry, serial_shops, shop,
          uniq_frederick
Vaults:3: nicolae_vaults_big_angled_halls, ontoclasm_vaults_pinch,
          nicolae_vaults_yaktaur_gun_rack, nicolae_vaults_asterisk,
          nicolae_vaults_network_s, nicolae_vaults_angled_halls,
          hangedman_vaults_slither, hangedman_vaults_stream,
          hangedman_vaults_stretched_pinwheel, nicolae_vaults_asterisk,
          grunt_vaults_swirl, vaults_dpeg_ring, vaults_room_semicircle,
          serial_shops, shop, shop, nicolae_shop_crystal, shop, shop_fountains
Vaults:4: v_alt_pattern_4, vaults_dpeg_encased_lava,
          nicolae_vaults_network_square, nicolae_vaults_big_angled_halls,
          ontoclasm_vaults_shuriken, vaults_mumra_chevron, st_octagons_2,
          grunt_vaults_funnel, hangedman_vaults_nails, stair_cage_open,
          ontoclasm_vaults_loading_screen, serial_shops, nicolae_shop_crystal
Vaults:5: serial_shops
Depths:1: serial_shops, bzr_entry_gold, pf_hell_entry_great_geh,
          minmay_misc_feat_rows, hex_large, nicolae_rare_books
Depths:2: grunt_runaround, hell_entry, serial_shops
Depths:3: minmay_tri_stars, nicolae_trove_entry_free_sample, abandoned_shop,
          grunt_pan_entry_zigzag, hell_entry, hex_tiny, grunt_decor_one_mirror,
          minmay_shop_star, infiniplex_staircase_zigzag_2, uniq_boris, uniq_jory
Abyss:4:  evilmike_abyss_exit_mutagenic, kilobyte_mutagenic_chamber,
          bh_silent_lugonu_exit, hangedman_abyss_shoalhut
Lab:      labyrinth_mini_lab
Bazaar:   bazaar_mystics
Trove:    trove_armour_1
Sewer:    sewer_sea
Ossuary:  ossuary_due_small_catacomb
IceCv:    ice_cave_small_demon

Skill      XL: |  1  2  3  4  5  6  7  8  9 10 11 12 13 14 15 16 17 18 19 20 21 22 23 24 |
---------------+-------------------------------------------------------------------------+-----
Transmutations | 3 4 5 6 8 9 11 12 13 14 16 | 16.6
Unarmed Combat | 3 4 5 6 7 8 10 11 12 13 14 15 17 18 19 | 19.4
Poison Magic   | 1 3 5 |  5.0
Fighting       | 1 2 3 4 5 6 7 8 9 10 11 12 13 14 15 16 | 16.1
Spellcasting   | 3 4 5 6 7 8 10 11 13 14 15 16 | 16.6
Dodging        | 4 5 7 8 10 11 13 14 15 | 15.0
Ice Magic      | 1 2 |  2.0
Air Magic      | 2 4 5 7 9 10 | 10.2
Invocations    | 1 4 7 10 12 13 14 15 | 15.0
Stealth        | 5 10 11 14 15 | 15.0
Evocations     | 1 3 5 |  5.0
Throwing       | 1 3 |  3.6
Shields        | 1 2 4 5 6 7 |  7.2
Charms         | 4 5 |  5.2
Necromancy     | 2 3 |  3.0
Conjurations   | 1 4 5 |  5.0
Earth Magic    | 2 |  2.5

Action                   |  1- 3 |  4- 6 |  7- 9 | 10-12 | 13-15 | 16-18 | 19-21 | 22-24 || total
-------------------------+-------+-------+-------+-------+-------+-------+-------+-------++-------
Melee: Unarmed           |   155 |   353 |   454 |   972 |  1143 |  1450 |  1332 |   907 ||  6766
       Kick              |    16 |     2 |     4 |     4 |       |       |       |       ||    26
       Headbutt          |     9 |    23 |       |     1 |     1 |    12 |       |       ||    46
       Punch             |     2 |     2 |       |    17 |    99 |    52 |    54 |    14 ||   240
 Fire: Blowgun           |       |       |       |       |       |     6 |       |       ||     6
Throw: Tomahawk          |       |       |       |       |     1 |     2 |       |       ||     3
 Cast: Beastly Appendage |    20 |    20 |     2 |     5 |     5 |     1 |       |       ||    53
       Spider Form       |     5 |    16 |    33 |    39 |     5 |       |       |       ||    98
       Sticks to Snakes  |     3 |     7 |     3 |     9 |    40 |     7 |     4 |       ||    73
       Ice Form          |       |       |     1 |    32 |    30 |    19 |       |       ||    82
       Blade Hands       |       |       |       |     3 |    48 |    43 |    36 |    12 ||   142
       Mephitic Cloud    |       |       |       |     1 |     3 |     3 |     3 |       ||    10
       Regeneration      |       |       |       |       |     4 |    55 |    45 |    40 ||   144
       Hydra Form        |       |       |       |       |       |    12 |    35 |    25 ||    72
       Irradiate         |       |       |       |       |       |     1 |     2 |     4 ||     7
       Ignite Poison     |       |       |       |       |       |       |     3 |       ||     3
       Corpse Rot        |       |       |       |       |       |       |     2 |       ||     2
       Poisonous Cloud   |       |       |       |       |       |       |     3 |       ||     3
       Repel Missiles    |       |       |       |       |       |       |     4 |     6 ||    10
       Yara's Violent Un |       |       |       |       |       |       |     3 |     3 ||     6
       Blink             |       |       |       |       |       |       |     1 |       ||     1
       Confusing Touch   |       |       |       |       |       |       |       |     1 ||     1
       Passwall          |       |       |       |       |       |       |       |     8 ||     8
Invok: Slouch            |       |       |       |     1 |     2 |     6 |     2 |     5 ||    16
       Step From Time    |       |       |       |     1 |     2 |     2 |       |     3 ||     8
       Temporal Distorti |       |       |       |       |       |     2 |     3 |       ||     5
 Abil: End Transformatio |       |       |       |     7 |    16 |    15 |     8 |     2 ||    48
Evoke: Wand              |       |       |       |     1 |     3 |     4 |       |     1 ||     9
       Rod               |       |       |       |       |       |     4 |       |     7 ||    11
  Use: Scroll            |       |     6 |     8 |    12 |    10 |     8 |    14 |    27 ||    85
       Potion            |       |     2 |     2 |     1 |       |     1 |     1 |       ||     7
 Stab: Sleeping          |     2 |     4 |     4 |    23 |    27 |    20 |    25 |    20 ||   125
       Confused          |       |       |       |     1 |     2 |     2 |       |       ||     5
       Distracted        |       |       |       |     1 |    15 |     6 |    13 |     4 ||    39
       Paralysed         |       |       |       |       |     4 |       |       |       ||     4
  Eat: Bread ration      |       |     1 |     1 |     1 |     4 |     4 |     3 |     2 ||    16
       Fruit             |       |       |     3 |       |     5 |     2 |     1 |     6 ||    17
       Pizza             |       |       |       |     7 |     1 |     1 |       |     1 ||    10
       Royal jelly       |       |       |       |       |       |       |     2 |       ||     2
Armor: Robe              |     3 |    11 |     9 |     4 |       |       |       |       ||    27
       Skin              |     2 |     4 |       |    40 |    23 |    30 |    40 |    60 ||   199
       Troll leather arm |       |       |       |     1 |    30 |    45 |    52 |    16 ||   144
       Fire dragon scale |       |       |       |       |       |       |       |    34 ||    34
Dodge: Dodged            |   145 |   234 |   400 |   982 |  1095 |  1077 |   906 |   687 ||  5526
       Deflected         |       |       |       |       |       |       |    26 |    35 ||    61
Block: Other             |       |       |       |       |    57 |   219 |   236 |   137 ||   649
       Buckler           |       |       |       |       |    55 |   459 |   321 |   312 ||  1147
       Reflection        |       |       |       |       |     8 |    81 |    79 |    33 ||   201
